 Dungeon Crawl Stone Soup version 0.31-a0-329-g52107efa6a (webtiles) character file.

Game seed: 17226266104308577059

59 BritishOli the Trooper (level 3, 0/29 HPs)
             Began as a Demonspawn Fighter on July 19, 2023.
             Slain by an orc wizard
             ... wielding a +0 dagger
              (1 damage)
             ... on level 3 of the Dungeon.
             The game lasted 00:01:04 (517 turns).

BritishOli the Trooper (Demonspawn Fighter)          Turns: 517, Time: 00:01:05

Health: 0/29       AC:  6    Str: 18    XL:     3   Next: 78%
Magic:  3/3        EV:  9    Int:  9    God:
Gold:   21         SH:  4    Dex: 12    Spells: 2/2 levels left

rFire   . . .        g - +0 short sword (venom)
rCold   . . .        c - +0 buckler
rNeg    . . .        b - +0 scale mail
rPois   .            (no helmet)
rElec   .            (no cloak)
rCorr   .            (no gloves)
SInv    .            (no boots)
Will    .....        (no amulet) Stlth
                     (no ring)
HPRegen 0.24/turn    (no ring)
MPRegen 0.08/turn

%: no passive effects
@: no status effects
A: powered by pain 1, spiny 1
a: no special abilities


You were on level 3 of the Dungeon.
You visited 1 branch of the dungeon, and saw 3 of its levels.

You collected 21 gold pieces.

Inventory:

Hand Weapons
 a - a +0 long sword
 g - a +0 short sword of venom (weapon)
Armour
 b - a +0 scale mail (worn)
 c - a +0 buckler (worn)
Jewellery
 e - an amulet of guardian spirit
Scrolls
 f - a scroll of vulnerability {unknown}
 i - a scroll of teleportation {unknown}
 j - 3 scrolls of enchant armour {unknown}
Potions
 d - a potion of might
 h - a potion of curing {unknown}


   Skills:
 + Level 3.4 Fighting
 + Level 2.4 Long Blades
 + Level 3.1 Armour
 + Level 3.2 Shields


You had 2 spell levels left.
You didn't know any spells.
Your spell library was empty.

Dungeon Overview and Level Annotations

Branches:
Dungeon (3/15)

Altars:


Innate Abilities, Weirdness & Mutations

You sometimes gain a little power by taking damage.
You are partially covered in sharp spines.


Message History

There are monsters nearby!
There are monsters nearby!
There are monsters nearby!
There are monsters nearby!
There are monsters nearby!
An orc priest comes into view. It is wielding a +0 morningstar.
The orc wizard shouts!
The orc priest shouts!
The orc priest mumbles some strange prayers to Beogh against you.
Beogh smites you!
The orc wizard is struck by your spines.
The orc wizard hits you but does no damage.
The orc wizard hits you with a +0 dagger.
You block the orc wizard's attack. The orc wizard barely misses you.
The orc wizard casts a spell at you.
You are confused.
The orc priest begins to cast a cantrip, but forgets the words!
The orc wizard hits you but does no damage.
The orc wizard hits you with a +0 dagger.
The orc wizard is struck by your spines.
The orc wizard hits you with a +0 dagger.
The orc priest calls upon Beogh to heal the orc wizard.
The orc wizard's wounds heal themselves!
The orc wizard is struck by your spines.
The orc wizard hits you but does no damage.
The orc priest invokes the aid of Beogh against you.
Beogh smites you!
Ouch! That really hurt!
* * * LOW HITPOINT WARNING * * *
You feel less confused.
The orc priest looks braver for a moment.
The orc wizard hits you but does no damage.
The orc wizard points at you and mumbles some strange words.
The puff of flame misses you.
The orc priest calls upon Beogh to heal the orc wizard.
The orc wizard's wounds heal themselves!
The orc wizard hits you with a +0 dagger.
* * * LOW HITPOINT WARNING * * *
The orc wizard hits you with a +0 dagger.
You die...

... #.# #.### ###
#.#.. ..# #.#.###.#
#.#.#.#.#
#.#.#####.#..^#.####
#..ooo@.....#.#.#<.#
###.#####.#.#.#.##.#
#.#.....##.#
..###.#....#
.......#.####
.#####..#.# #.
.....# # .#.####
#.#.


You could see 2 orc priests and an orc wizard.

Vanquished Creatures
  2 adders (D:2)
  A gnoll (D:1)
  A dart slug (D:1)
  3 ball pythons
  A bat (D:1)
  5 endoplasms
  A giant cockroach (D:1)
  4 goblins
  A hobgoblin (D:2)
  2 jackals (D:1)
  5 kobolds (D:1)
  A frilled lizard (D:2)
  A rat (D:1)
28 creatures vanquished.

Notes
Turn   | Place    | Note
-------+----------+-------------------------------------------
     0 | D:1      | BritishOli the Demonspawn Fighter began the quest for the
                  | Orb.
     0 | D:1      | Reached XP level 1. HP: 18/18 MP: 1/1
    46 | D:1      | Gained mutation: You are partially covered in sharp spines.
                  | [demonic ancestry]
    46 | D:1      | Reached XP level 2. HP: 13/24 MP: 2/2
   257 | D:1      | Gained mutation: You sometimes gain a little power by
                  | taking damage. [demonic ancestry]
   257 | D:1      | Reached XP level 3. HP: 12/29 MP: 3/3
   516 | D:3      | HP: 1/29 [orc wizard/+0 dagger (2)]
   517 | D:3      | Slain by an orc wizard

Illustrated notes

Levels and vault maps discovered:
D:1:      lightli_arrival_quake, layout_basic, minmay_pentomino_q2
D:2:      layout_basic
D:3:      cheibrodos_helix_gallery, layout_basic, cheibrodos_sewer_entry_sluice

Skill      XL: |  1  2 |
---------------+-------+-----
Long Blades    | 2 |  2.4
Armour         | 3 |  3.1
Shields        | 3 |  3.2
Fighting       | |  3.4

Action                     || total
---------------------------++-------
  Melee: Long sword        ||    28
         Short sword       ||     5
 Armour: Scale mail        ||    39
  Dodge: Dodged            ||    33
  Block: Buckler           ||    19

Table legend: (Time is in decaauts)
 A = Elapsed time spent in this place.
 B = Non-inter-level travel time spent in this place.
 C = Inter-level travel time spent in this place.
 D = Time resting spent in this place.
 E = Time spent auto-exploring this place.
 F = Levels seen in this place.
 G = Mean time per level.
                   A        B        C        D        E       F      G
               +--------+--------+--------+--------+--------+-----+--------+
         Total |    525 |    515 |     10 |      0 |    338 |   3 |  175.0 |
       Dungeon |    525 |    515 |     10 |      0 |    338 |   3 |  175.0 |
               +--------+--------+--------+--------+--------+-----+--------+

Top non-repeatable levels by time:
     D:1: 301 daAuts
     D:2: 186 daAuts
     D:3: 37 daAuts
